Map: Frozen Temple

Players

MagiusIgnus - Winner!

  • Race: Terran Terran
  • League: Platinum
  • Spawn Location: 5:00

Fropez

  • Race: Protoss Protoss
  • League: Gold
  • Spawn Location: 11:00

VOD

Have the link to the VOD?

Description

Time

  • Played on: Nov. 15, 2016, 6:16 p.m.
  • Length: 6:25
Show
View Real Time Build Order
Export as new Build Order

MagiusIgnus Terran - Winner!

Build Orders: Liberator Opening 

Get SALT Encoding   

  12  0:01  SCV  
  13  0:13  SCV  
  14  0:24  Supply Depot  
  14  0:26  SCV  
  15  0:31  Refinery  
  15  0:47  Barracks  
  15  0:48  SCV  
  16  0:59  Refinery  
  16  1:00  SCV  
  17  1:12  SCV  
  18  1:24  SCV  
  19  1:34  Barracks Reactor  
  19  1:40  Factory  
  19  1:41  Orbital Command  
  19  2:07  SCV  
  20  2:12  Reaper x2  
  22  2:20  SCV  
  22  2:21  Supply Depot  
  23  2:30  Starport  
  23  2:41  Factory Tech Lab  
  23  2:43  SCV  
  24  2:46  Supply Depot  
  24  2:55  SCV  
  25  3:12  Liberator x2  
  25  3:22  SCV  
  25  3:27  Marine  
  32  3:41  Siege Tank  
  32  3:43  SCV, Command Center  
  36  3:49  Marine  
  36  3:54  Supply Depot  
  36  3:55  SCV  
  38  4:07  SCV  
  39  4:15  Marine  
  40  4:17  Medivac  
  40  4:21  SCV  
  43  4:33  Marine  
  43  4:37  SCV, Medivac  
  47  4:54  Marine  
  48  5:06  SCV  
  48  5:07  Orbital Command  
  49  5:08  Siege Tank  
  49  5:12  Marine  
  53  5:18  Supply Depot  
  53  5:20  Barracks  
  47  5:43  Orbital Command  
  47  5:46  SCV  
  48  5:59  SCV  
  57  6:11  SCV  
  58  6:16  Barracks Tech Lab x2  
  58  6:17  Supply Depot  
  58  6:18  Supply Depot  
  58  6:22  Refinery  
Show
View Real Time Build Order
Export as new Build Order

Fropez Protoss 

Build Orders:  

Get SALT Encoding   

  12  0:01  Probe (Chrono Boost)  
  13  0:11  Probe (Chrono Boost)  
  14  0:19  Pylon  
  14  0:26  Probe (Chrono Boost)  
  15  0:39  Gateway  
  15  0:40  Probe (Chrono Boost)  
  16  0:47  Assimilator  
  16  0:55  Probe (Chrono Boost)  
  17  1:18  Probe (Chrono Boost)  
  18  1:28  Cybernetics Core  
  18  1:32  Probe (Chrono Boost), Assimilator  
  19  1:34  Gateway  
  19  1:50  Pylon  
  19  1:51  Probe (Chrono Boost)  
  20  2:01  Probe (Chrono Boost)  
  21  2:12  Warp Gate (Chrono Boost)  
  21  2:13  Adept  
  24  2:19  Mothership Core  
  25  2:23  Adept  
  27  2:39  Pylon  
  27  2:41  Probe  
  28  2:45  Stalker  
  30  2:53  Forge, Probe  
  31  3:06  Probe  
  32  3:15  Adept, Stalker  
  36  3:21  Pylon  
  36  3:27  Gateway  
  36  3:46  Pylon  
  36  3:53  Probe  
  37  3:55  Protoss Ground Weapons Level 1  
  37  4:04  Photon Cannon  
  37  4:05  Probe  
  38  4:19  Gateway  
  38  4:20  Probe, Photon Cannon  
  39  4:27  Pylon  
  39  4:36  Probe  
  39  4:38  Adept  
  42  4:39  Adept  
  44  4:48  Probe  
  44  4:51  Twilight Council  
  44  5:00  Probe  
  36  5:08  Stalker x2  
  32  6:03  Stalker  
Tags
 
Add a new tag
Caveats
  • Supply blocks, unpowered buildings, or Contaminate may cause inaccurate times.
  • Supply counts are checked every 10 seconds.